 Seeded DCSS version 0.30.1-6-gbe392663c4 (webtiles) character file.

Game seed: 6351066067085065685 (custom seed)

72559 Esekla the Eclecticist (level 15, -1/88 HPs)
             Began as a Deep Elf Wanderer on Sept 21, 2023.
             Was a High Priest of Vehumet.
             Slain by a steelbarb worm (20 damage)
             ... on level 1 of the Spider Nest on Sept 22, 2023.
             The game lasted 03:08:47 (21377 turns).

Esekla the Eclecticist (Deep Elf Wanderer)         Turns: 21377, Time: 03:08:47

Health: -1/88      AC: 18    Str:  9    XL:     15   Next: 1%
Magic:  32/39      EV: 14    Int: 29    God:    Vehumet [*****.]
Gold:   835        SH:  4    Dex: 11    Spells: 4/51 levels left

rFire   . . .        c - +5 scimitar
rCold   . . .        d - +0 buckler
rNeg    + . .        R - +0 troll leather armour
rPois   +            Y - +2 helmet {Int+3}
rElec   +            X - +1 cloak
rCorr   .            l - +0 pair of gloves
SInv    .            p - +2 pair of boots {rampage}
Will    +....        A - amulet of magic regeneration
Stlth   ++           w - ring of Greed {rElec rPois rN+ AC+4 Str-2}
HPRegen 1.14/turn    Q - ring of the Mage {Wiz Archmagi}
MPRegen 0.66/turn

%: rampage, wizardry (x1), archmagi
@: spiked, on berserk cooldown, freezing walls, slowed, studying Fighting, very
slow
A: no striking features
a: Renounce Religion


You were on level 1 of the Spider Nest.
You worshipped Vehumet.
Vehumet was extremely pleased with you.
You visited 4 branches of the dungeon, and saw 20 of its levels.
You also visited: Trove and Bailey.

You collected 2956 gold pieces.
You spent 2121 gold pieces at shops.

Inventory:

Hand Weapons
 c - a +5 scimitar (weapon)
 f - a +4 scimitar of flaming
 r - a +4 trident of venom
 s - the +5 rapier of the Hero {heavy, rN+ Dex+3}
   (You found it on level 3 of the Dungeon)

   Dex:       It affects your dexterity (+3).
   rN:        It protects you from negative energy.
Missiles
 D - 6 curare-tipped darts
 K - 10 boomerangs (quivered)
 N - 50 poisoned darts
Armour
 d - a +0 buckler (worn)
 l - a +0 pair of gloves (worn)
 p - a +2 pair of boots of rampaging (worn)
 J - a +2 robe of cold resistance
 R - a +0 troll leather armour (worn)
 X - a +1 cloak (worn)
 Y - a +2 helmet of intelligence (worn)
Jewellery
 g - an amulet of reflection
 m - the ring of Akemeir {Fire Str+4}
   (You found it in a treasure trove)

   [ring of fire]

   It enhances your fire magic.
   Str:       It affects your strength (+4).
   rF:        It protects you from fire.
   rC:        It makes you vulnerable to cold.
 w - the ring of Greed (left hand) {rElec rPois rN+ AC+4 Str-2}
   (You bought it in a shop on level 2 of the Dungeon)

   [ring of protection]

   AC:        It affects your AC (+4).
   Str:       It affects your strength (-2).
   rElec:     It insulates you from electricity.
   rPois:     It protects you from poison.
   rN:        It protects you from negative energy.
 A - an amulet of magic regeneration (around neck)
 Q - the ring of the Mage (right hand) {Wiz Archmagi}
   (You bought it in a shop on level 2 of the Dungeon)

   [ring of wizardry]

   It improves your spell success rate.
   Archmagi:  It increases the power of your magical spells.
 U - the ring of Descent {rPois rC+ Int+5 Stlth-}
   (You found it in a treasure trove)

   [ring of protection from cold]

   Int:       It affects your intelligence (+5).
   rC:        It protects you from cold.
   rPois:     It protects you from poison.
   Stlth:     It makes you less stealthy.
 V - a ring of ice
Wands
 i - a wand of roots (22)
 v - a wand of quicksilver (3)
 B - a wand of flame (25)
 G - a wand of mindburst (2)
 S - a wand of digging (16)
Scrolls
 o - 2 scrolls of amnesia
 q - 4 scrolls of blinking
 t - 3 scrolls of fog
 x - 4 scrolls of enchant weapon
 y - 2 scrolls of silence
 z - 2 scrolls of magic mapping
 C - 3 scrolls of fear
 F - a scroll of poison
 H - 8 scrolls of teleportation
 I - a scroll of identify
 P - 2 scrolls of acquirement
Potions
 a - a potion of resistance
 b - 4 potions of lignification
 e - 3 potions of ambrosia
 h - 4 potions of heal wounds
 j - 8 potions of curing
 k - 5 potions of haste
 n - 3 potions of mutation
 u - 5 potions of brilliance
 E - 9 potions of attraction
 L - a potion of cancellation {unknown}
 M - 3 potions of flight {unknown}
 T - 2 potions of might
 W - 2 potions of magic {unknown}


   Skills:
 * Level 7.7 Fighting
 + Level 4.6(5.4) Short Blades
 + Level 4.0(4.8) Long Blades
 + Level 2.7 Throwing
 * Level 4.8 Armour
 * Level 9.3 Dodging
 + Level 4.1 Stealth
 - Level 3.2 Shields
 * Level 18.6 Spellcasting
 + Level 5.3 Conjurations
 + Level 3.2 Hexes
 * Level 11.1 Necromancy
 + Level 4.7 Translocations
 + Level 4.6 Transmutations
 + Level 6.6 Fire Magic
 + Level 5.4 Ice Magic
 * Level 7.5 Air Magic
 * Level 5.4 Earth Magic
 + Level 5.4 Poison Magic
 + Level 1.0 Invocations
 + Level 1.2 Evocations


You had 4 spell levels left.
You knew the following spells:

 Your Spells              Type           Power      Damage    Failure   Level
a - Magic Dart            Conj           100%       1d8       1%          1
b - Blink                 Tloc           100%       N/A       1%          2
c - Mephitic Cloud        Conj/Pois/Air  76%        N/A       1%          3
d - Vampiric Draining     Necr           95%        2d12      1%          3
e - Static Discharge      Conj/Air       100%       2-7/arc   1%          2
f - Fireball              Conj/Fire      37%        3d15      1%          5
k - Airstrike             Air            41%        2d(6-22)  1%          4
n - Ignite Poison         Fire/Tmut/Pois 73%        N/A       1%          3
p - Apportation           Tloc           100%       N/A       1%          1
r - Frozen Ramparts       Ice            100%       1d16      1%          3
t - Teleport Other        Tloc           70%        N/A       1%          3
v - Poisonous Vapours     Pois/Air       100%       N/A       1%          2
w - Wereblood             Tmut           69%        N/A       1%          2
x - Olgreb's Toxic Radia  Pois           73%        N/A       1%          4
y - Sticky Flame          Conj/Fire      75%        2d9       1%          4
z - Freezing Cloud        Conj/Ice/Air   38%        6-21      1%          5

Your spell library contained the following spells:

 Spells                   Type           Power      Damage    Failure   Level
 Ozocubu's Refrigeration  Ice            36%        4d15      26%         7
 Foxfire                  Conj/Fire      100%       2x1d9     1%          1
 Sting                    Tmut/Pois      100%       1d8       1%          1
 Lesser Beckoning         Tloc           100%       N/A       1%          2
 Sublimation of Blood     Necr           95%        N/A       1%          2
 Dazzling Flash           Conj/Hex       100%       N/A       1%          3
 Gell's Gravitas          Tloc           70%        N/A       1%          3
 Hailstorm                Conj/Ice       73%        3d15      1%          3
 Portal Projectile        Hex/Tloc       100%       N/A       1%          3
 Spider Form              Tmut/Pois      71%        N/A       1%          3
 Vhi's Electric Charge    Tloc/Air       100%       N/A       1%          3
 Manifold Assault         Tloc           70%        N/A       1%          4
 Passage of Golubria      Tloc           70%        N/A       1%          4
 Cause Fear               Hex            31%        N/A       3%          4
 Summon Ice Beast         Ice/Summ       59%        N/A       4%          4
 Plasma Beam              Fire/Air       40%        2x1d59    3%          6
 Silence                  Hex/Air        36%        N/A       4%          5
 Starburst                Conj/Fire      37%        6d11      4%          6
 Summon Mana Viper        Hex/Summ       53%        N/A       17%         5
 Dispersal                Tloc           35%        N/A       26%         6
 Ignition                 Fire           39%        3d12      71%         8
 Lehudib's Crystal Spear  Conj/Erth      36%        10d9      85%         8
 Summon Hydra             Summ           20%        N/A       100%        7
 Disjunction              Tloc           35%        N/A       100%        8


Dungeon Overview and Level Annotations

Branches:
Dungeon (12/15)            Temple (0/1) D:6            Lair (5/5) D:11
 Shoals (0/4) Lair:2       Spider (1/4) Lair:3        Slime (0/5) Lair:5
    Orc (2/2) D:10            Elf (0/3) Orc:2        Bailey (visited)

Altars:
Dithmenos
Fedhas
Hepliaklqana
Nemelex Xobeh
Okawaru
Qazlal
Ru
Trog
Uskayaw
Vehumet
Zin
The Shining One
Jiyva

Shops:
D:2 =   D:4 (   D:11 *   Orc:2 **[:

Portals:
Pandemonium: Orc:2

Annotations:
D:10 earth elemental


Message History

The steelbarb worm barely misses you. The redback misses you.
The steelbarb worm misses you.
Casting: Frozen Ramparts (safe; 1% risk of failure)
Confirm with . or Enter, or press ? or * to list all spells.
You feel a surge of power!
You blink.
Casting: Blink (safe; 1% risk of failure)
Confirm with . or Enter, or press ? or * to list all spells.
Aiming: Poisonous Vapours (safe; 1% risk of failure)
Press: ? - help, Dir - move target, f - redback
Aim: a redback (moderately wounded)
You feel a surge of power!
Poisonous vapours surround the redback!
The redback looks as sick as possible!
Casting: Poisonous Vapours (safe; 1% risk of failure)
Confirm with . or Enter, or press ? or * to list all spells.
You feel a surge of power!
You ignite the poison in your surroundings!
The redback seems to burn from within!!!
You kill the redback!
Vehumet accepts your kill.
You feel your power returning.
Casting: Ignite Poison (safe; 1% risk of failure)
Confirm with . or Enter, or press ? or * to list all spells.
Casting: Frozen Ramparts (safe; 1% risk of failure)
Press: ? - help, Dir - look around, f - activate You feel a surge of power!
The walls around you are covered in ice.
The wall freezes the steelbarb worm.
The steelbarb worm hits you!
* * * LOW HITPOINT WARNING * * *
Barbed spikes become lodged in your body.
Casting: Frozen Ramparts (safe; 1% risk of failure)
Confirm with . or Enter, or press ? or * to list all spells.
Aiming: Vampiric Draining (safe; 1% risk of failure)
Press: ? - help, Shift-Dir - straight line, f - steelbarb worm
Aim: a steelbarb worm (lightly wounded)
You feel a surge of power!
You draw life force from the steelbarb worm!
You feel life coursing into your body.
The wall freezes the steelbarb worm.
The steelbarb worm barely misses you.
The wall freezes the steelbarb worm.
The steelbarb worm hits you!!
You die...

##.....#.....
...#........##^..
......#.....#....
#...#..^....#......
###.........#........
#.....#......#....#..
...$.#..............
.#........#@.........
...#......w..<^..#.
..............###....
#.>.....#...# #
..##....#####.....
.......†.# .#..#.
.......w## . ....
.#....... . .....
......#... .. .....


You could see a steelbarb worm.

Vanquished Creatures
  Rupert (Lair:4)
  2 orc warlords
  Azrael (Orc:2)
  2 fire dragons (Lair:5)
  Harold (D:9)
  2 boulder beetles (Lair:2)
  A demonspawn (Orc:2)
  3 hydras
  A catoblepas (Lair:5)
  3 two-headed ogres
  An orc high priest (Orc:2)
  Lodul (D:10)
  A skyshark (Lair:4)
  Pikel (D:6)
  A swamp dragon (Lair:5)
  2 lindwurms (Lair:5)
  An oklob plant (Lair:5)
  8 orc knights
  7 cyclopes
  9 orc sorcerers (Orc:2)
  A moth of wrath (Spider:1)
  Joseph (D:7)
  A merfolk siren (Lair:2)
  2 black mambas
  9 elephants (Lair:5)
  6 torpor snails
  A smoke demon (Orc:2)
  2 gargoyles (D:10)
  11 cane toads
  3 rime drakes
  15 komodo dragons
  A kobold demonologist (D:9)
  2 merfolk (Lair:2)
  A red devil (Orc:2)
  A polar bear (D:11)
  6 trolls
  9 hornets
  3 tyrant leeches (Lair:5)
  5 blink frogs (Lair:1)
  4 centaur simulacra (D:11)
  12 spriggans (Lair:3)
  2 culicivoras
  A wraith (D:12)
  5 basilisks
  33 yaks
  A chaos spawn (Orc:2)
  3 fire elementals (Orc:2)
  3 steam dragons
  5 wyverns
  A redback (Spider:1)
  Menkaure (D:7)
  3 wargs
  2 acid dragons (Lair:5)
  6 ice beasts
  14 water moccasins
  4 hell hounds (Orc:2)
  2 swamp drakes (Lair:5)
  A sky beast (D:6)
  43 orc warriors
  2 black bears
  17 ogres
  2 centaurs
  12 wolves
  3 boggarts (Lair:3)
  A phantom (D:7)
  Blork the orc (D:6)
  4 kobold brigands
  4 gnoll sergeants
  10 bullfrogs
  3 scorpions
  10 wights
  21 killer bees
  2 howler monkeys (D:10)
  An electric eel (D:11)
  2 quasits
  2 gnoll boudas
  6 hounds
  A jelly (D:6)
  Crazy Yiuf (D:7)
  32 orc priests
  A sleepcap (D:5)
  7 iguanas
  12 hell rats
  14 orc wizards
  33 gnolls
  8 adders
  3 shadow imps
  9 white imps
  4 ufetubi
  A worm (D:4)
  3 dart slugs
  94 orcs
  4 endoplasms
  9 goblins
  7 hobgoblins
  A quokka (D:1)
  6 ball pythons
  4 bats
  4 frilled lizards
  21 kobolds
  A rat (D:2)
658 creatures vanquished.

Vanquished Creatures (others)
  2 orc high priests (Orc:2)
  A gnoll bouda (Orc:1)
  A gnoll (Orc:1)
4 creatures vanquished.

Grand Total: 662 creatures vanquished

Notes
Turn   | Place    | Note
-------+----------+-------------------------------------------
     0 | D:1      | Esekla the Deep Elf Wanderer began the quest for the Orb.
     0 | D:1      | Esekla set off with the following items: a +0 club, a
                  | potion of lignification, a +0 robe, a +0 buckler; and the
                  | following spells available to memorise: Apportation, Blink,
                  | Lesser Beckoning, Magic Dart, Ignite Poison, Vampiric
                  | Draining.
     0 | D:1      | Reached XP level 1. HP: 10/10 MP: 7/7
     2 | D:1      | Learned a level 1 spell: Magic Dart
     4 | D:1      | Learned a level 1 spell: Apportation
   240 | D:2      | Found Renulab's Jewellery Shop.
   661 | D:4      | Found a radiant altar of Vehumet.
   673 | D:4      | Found an iron altar of Okawaru.
   684 | D:4      | Found a glowing silver altar of Zin.
   768 | D:4      | Became a worshipper of Vehumet
   913 | D:3      | Reached skill level 5 in Spellcasting
   941 | D:3      | Reached XP level 2. HP: 15/15 MP: 7/10
   944 | D:3      | Learned a level 2 spell: Blink
  1102 | D:3      | Identified the +5 rapier of the Hero {heavy, rN+ Dex+3}
                  | (You found it on level 3 of the Dungeon)
  1170 | D:2      | Reached skill level 1 in Necromancy
  1360 | D:1      | Reached XP level 3. HP: 19/19 MP: 2/11
  1364 | D:1      | Learned a level 3 spell: Vampiric Draining
  1627 | D:1      | Reached * piety under Vehumet
  1627 | D:1      | Offered knowledge of Freeze by Vehumet.
  1704 | D:1      | Learned a level 3 spell: Teleport Other
  1875 | D:2      | Reached skill level 1 in Dodging
  1875 | D:2      | Reached XP level 4. HP: 22/24 MP: 4/13
  1963 | D:2      | Found a faded altar of an unknown god.
  2135 | D:2      | Noticed a black bear
  2504 | D:3      | Found a stormy altar of Qazlal.
  2530 | D:3      | Reached skill level 6 in Spellcasting
  2551 | D:3      | Reached XP level 5. HP: 28/28 MP: 10/15
  2588 | D:3      | Found a bloodstained altar of Trog.
  2591 | D:3      | Found a hazy altar of Hepliaklqana.
  2933 | D:4      | Found a glowing golden altar of the Shining One.
  3088 | D:4      | Found Ponaysk's Antique Weapon Boutique.
  3436 | D:5      | Entered Level 5 of the Dungeon
  3439 | D:5      | Got the Parchment of the Lumpy Olives
  3454 | D:5      | Found a shadowy altar of Dithmenos.
  3518 | D:5      | Reached skill level 1 in Conjurations
  3540 | D:5      | Reached skill level 1 in Short Blades
  3568 | D:5      | Reached skill level 7 in Spellcasting
  3568 | D:5      | Reached XP level 6. HP: 32/32 MP: 18/18
  3902 | D:4      | Offered knowledge of Static Discharge by Vehumet.
  3943 | D:4      | Reached ** piety under Vehumet
  3947 | D:4      | Learned a level 2 spell: Static Discharge
  4238 | D:5      | Reached XP level 7. HP: 35/36 MP: 16/20
  4413 | D:5      | Reached skill level 8 in Spellcasting
  4857 | D:7      | Found a runed translucent door.
  4858 | D:7      | Noticed Crazy Yiuf
  4867 | D:7      | Killed Crazy Yiuf
  4868 | D:7      | Reached skill level 5 in Necromancy
  4986 | D:7      | Noticed a wyvern
  4991 | D:7      | Killed a wyvern
  4992 | D:7      | Reached XP level 8. HP: 32/41 MP: 13/22
  5044 | D:7      | Reached skill level 9 in Spellcasting
  5086 | D:7      | Noticed Menkaure
  5092 | D:7      | Killed Menkaure
  5301 | D:6      | Noticed Blork the orc
  5322 | D:6      | Killed Blork the orc
  5322 | D:6      | Offered knowledge of Frozen Ramparts by Vehumet.
  5329 | D:6      | Learned a level 3 spell: Frozen Ramparts
  5454 | D:6      | Reached skill level 1 in Ice Magic
  5478 | D:6      | Found a staircase to the Ecumenical Temple.
  5602 | D:6      | Noticed Pikel
  5643 | D:6      | Killed Pikel
  5644 | D:6      | Reached skill level 1 in Throwing
  5644 | D:6      | Reached skill level 10 in Spellcasting
  5644 | D:6      | Reached XP level 9. HP: 21/45 MP: 14/25
  5882 | D:6      | Reached skill level 11 in Spellcasting
  5895 | D:6      | Found a blossoming altar of Fedhas.
  6051 | D:7      | Reached *** piety under Vehumet
  6345 | D:7      | Reached skill level 5 in Dodging
  6481 | D:7      | Noticed Joseph
  6495 | D:7      | Killed Joseph
  6496 | D:7      | Reached skill level 1 in Evocations
  6530 | D:7      | Offered knowledge of Dazzling Flash by Vehumet.
  6551 | D:7      | Learned a level 3 spell: Dazzling Flash
  6828 | D:8      | Reached skill level 12 in Spellcasting
  6923 | D:8      | Noticed a two-headed ogre
  7161 | D:8      | Found a transporter.
  7163 | D:8      | Found a transporter.
  7166 | D:8      | Reached **** piety under Vehumet
  7196 | D:8      | Found a transporter.
  7197 | D:8      | Found a transporter.
  7246 | D:8      | Found a hide-covered altar of Uskayaw.
  7458 | D:8      | Killed a two-headed ogre
  7459 | D:8      | Reached skill level 1 in Hexes
  7459 | D:8      | Reached XP level 10. HP: 50/50 MP: 28/28
  7463 | D:8      | Learned a level 3 spell: Ignite Poison
  7772 | D:8      | Reached skill level 1 in Air Magic
  8025 | D:9      | Found a flagged portal.
  8032 | D:9      | Offered knowledge of Inner Flame by Vehumet.
  8045 | Bailey   | Entered a bailey
  8151 | Bailey   | Reached skill level 1 in Long Blades
  8252 | Bailey   | Noticed an orc knight
  8260 | Bailey   | Noticed an orc knight
  8473 | Bailey   | Killed an orc knight
  8548 | Bailey   | Killed an orc knight
  8549 | Bailey   | Reached skill level 1 in Transmutations
  8549 | Bailey   | Reached skill level 1 in Fire Magic
  8549 | Bailey   | Reached skill level 1 in Poison Magic
  8602 | Bailey   | Identified the +2 bardiche of Puhoisos {heavy, rElec
                  | Stlth+}
  8913 | D:9      | Found a sparkling altar of Nemelex Xobeh.
  8937 | D:9      | Noticed a two-headed ogre
  8952 | D:9      | Killed a two-headed ogre
  8953 | D:9      | Reached skill level 13 in Spellcasting
  9018 | D:9      | Noticed a sixfirhy
  9025 | D:9      | Reached skill level 1 in Fighting
  9144 | D:9      | Noticed Harold
  9181 | D:9      | Noticed a cyclops
  9194 | D:9      | Killed a cyclops
  9384 | D:9      | Noticed a cyclops
  9409 | D:9      | Killed a cyclops
  9410 | D:9      | Reached XP level 11. HP: 49/56 MP: 26/30
  9763 | D:10     | Entered Level 10 of the Dungeon
  9795 | D:10     | Found a staircase to the Orcish Mines.
  9812 | Orc:1    | Entered Level 1 of the Orcish Mines
 10032 | D:2      | Bought the ring of the Mage {Wiz Archmagi} for 714 gold
                  | pieces
 10032 | D:2      | Found the ring of the Mage {Wiz Archmagi}
 10252 | Orc:1    | Noticed an orc knight
 10277 | Orc:1    | Killed an orc knight
 10737 | D:10     | Reached ***** piety under Vehumet
 10872 | D:10     | Found a sacrificial altar of Ru.
 10953 | D:11     | Offered knowledge of Airstrike by Vehumet.
 10954 | D:11     | Reached skill level 14 in Spellcasting
 10959 | D:11     | Learned a level 4 spell: Airstrike
 11284 | D:11     | Noticed Lodul
 11339 | D:10     | Killed Lodul
 11589 | D:11     | Found Fagafuf's Pet Rocks.
 12134 | D:11     | Found a staircase to the Lair.
 12241 | D:11     | Reached skill level 5 in Conjurations
 12303 | D:12     | Learned a level 2 spell: Wereblood
 12377 | D:12     | Found a portal to a secret trove of treasure.
 12432 | D:12     | Learned a level 3 spell: Mephitic Cloud
 12435 | D:12     | Learned a level 2 spell: Poisonous Vapours
 12717 | D:12     | Learned a level 5 spell: Fireball
 12725 | D:12     | Learned a level 5 spell: Freezing Cloud
 12880 | D:11     | Noticed a two-headed ogre
 12884 | D:11     | Reached XP level 12. HP: 65/66 MP: 30/32
 12886 | D:11     | Killed a two-headed ogre
 12889 | D:11     | Got Simple Magic
 12973 | Trove    | Entered a treasure trove
 12982 | Trove    | Identified the ring of Akemeir {Fire Str+4}
 12993 | Trove    | Identified the ring of Descent {rPois rC+ Int+5 Stlth-}
 13016 | Trove    | Identified the +3 ring mail "Poady" {+Inv rF+ Dex+2 Slay-4}
 13107 | D:11     | Reached skill level 1 in Armour
 13134 | D:11     | Reached skill level 15 in Spellcasting
 13342 | D:11     | Reached skill level 5 in Air Magic
 13609 | Lair:1   | Entered Level 1 of the Lair of Beasts
 14683 | Lair:2   | Found a transporter.
 14683 | Lair:2   | Found a transporter.
 14684 | Lair:2   | Noticed a boulder beetle
 14684 | Lair:2   | Noticed a boulder beetle
 14695 | Lair:2   | Killed a boulder beetle
 14696 | Lair:2   | Reached skill level 5 in Fighting
 14696 | Lair:2   | Killed a boulder beetle
 14807 | Lair:2   | Reached skill level 5 in Ice Magic
 15030 | Lair:2   | Reached skill level 16 in Spellcasting
 15298 | Lair:2   | Found a staircase to the Shoals.
 15776 | D:2      | Reached XP level 13. HP: 73/73 MP: 30/35
 15779 | D:2      | Bought the ring of Greed {rElec rPois rN+ AC+4 Str-2} for
                  | 758 gold pieces
 16077 | Lair:3   | Found a hole to the Spider Nest.
 16127 | Lair:3   | Identified the +3 leather armour of Okawaru's Inspiration
                  | {Str+4}
 16170 | Lair:3   | Reached skill level 1 in Earth Magic
 16644 | Lair:3   | Reached skill level 5 in Fire Magic
 16664 | Lair:3   | Reached skill level 10 in Necromancy
 17475 | Lair:4   | Learned a level 4 spell: Sticky Flame
 17715 | Lair:4   | Noticed Rupert
 17722 | Lair:4   | Killed Rupert
 17809 | Lair:4   | Reached skill level 17 in Spellcasting
 18279 | D:9      | Killed Harold
 18536 | Lair:5   | Entered Level 5 of the Lair of Beasts
 18728 | Lair:5   | Reached XP level 14. HP: 80/80 MP: 7/37
 19169 | Lair:5   | Got Utragud's Papyrus of the Inquisitive Olives
 19243 | Lair:5   | Found a viscous altar of Jiyva.
 19243 | Lair:5   | Found a staircase to the Slime Pits.
 19383 | Lair:5   | Found a runed translucent door.
 19469 | Lair:5   | Reached skill level 5 in Poison Magic
 19900 | Orc:2    | Entered Level 2 of the Orcish Mines
 20056 | Orc:2    | Found Roezostra's General Store.
 20061 | Orc:2    | Found Bamnuus's General Store.
 20128 | Orc:2    | Bought a scroll of teleportation for 45 gold pieces
 20141 | Orc:2    | Reached skill level 18 in Spellcasting
 20145 | Orc:2    | Reached skill level 5 in Earth Magic
 20147 | Orc:2    | Noticed an orc warlord
 20160 | Orc:2    | Killed an orc warlord
 20226 | Orc:2    | Found a staircase to the Elven Halls.
 20446 | Orc:2    | Noticed Azrael
 20453 | Orc:2    | Killed Azrael
 20713 | Orc:2    | Found Huzal's Antique Armour Boutique.
 20713 | Orc:2    | Found a one-way gate leading to the halls of Pandemonium.
 20713 | Orc:2    | Found Jyohez's Book Shop.
 20746 | Orc:2    | Bought a runed helmet for 270 gold pieces
 20759 | Orc:2    | Bought a Young Poisoner's Handbook for 300 gold pieces
 20764 | Orc:2    | Learned a level 4 spell: Olgreb's Toxic Radiance
 20935 | Orc:2    | Bought a scroll of identify for 34 gold pieces
 20972 | Orc:1    | Offered knowledge of Ozocubu's Refrigeration by Vehumet.
 21029 | Orc:1    | Noticed an orc warlord
 21034 | Orc:1    | Killed an orc warlord
 21344 | Spider:1 | Entered Level 1 of the Spider Nest
 21355 | Spider:1 | Reached XP level 15. HP: 88/88 MP: 36/39
 21377 | Spider:1 | Slain by a steelbarb worm

Illustrated notes

Levels and vault maps discovered:
D:1:      sevenhm_arrival_forest_fort_small_3, layout_rooms,
          chequers_serial_rivers_room_b, minmay_misc_feat_five
D:2:      layout_loops_ring, dreamdust_ecumenical_altar_angels_and_demons,
          serial_shops, shop
D:3:      layout_basic, grunt_temple_overflow_open, minmay_misc_feat_iff
D:4:      layout_basic, nicolae_overflow_quartered_altars, serial_shops,
          nicolae_diamond_shop
D:5:      layout_loops_ring, lemuel_doored_altar, minmay_misc_feat_rows,
          dreamdust_wishing_well
D:6:      layout_loops_cross, fedhas_altar_fruit_tree,
          minmay_temple_entry_glass, uniq_pikel, uniq_blork_the_orc
D:7:      layout_basic, uniq_menkaure, uniq_joseph, uniq_crazy_yiuf_cottage
D:8:      layout_basic, nicolae_uskayaw_dance_hall, serial_demonic,
          serial_demonic_d, serial_demonic_a, serial_demonic_c,
          serial_demonic_c, nicolae_diode_quadrants
D:9:      layout_irregular_city, kennysheep_little_box, enter_bailey_4,
          minmay_between, uniq_harold
D:10:     layout_basic, nicolae_ru_awakened_eye
D:11:     layout_rooms, hellmonk_lair_entry_icy, serial_ice, serial_ice_j,
          serial_ice_m, serial_ice_o, serial_ice_c, serial_ice_g, serial_ice_f,
          guppyfry_shop_earth, uniq_psyche, uniq_lodul
D:12:     layout_roguey, nicolae_trove_entry_crossroad
Lair:1:   layout_small_grid
Lair:2:   gammafunk_boulding_lane, layout_small_grid, elwin_shoals_entry_rooms
Lair:3:   kb_forest_paths, layout_chaotic_city, spider_nest_entry_rubble
Lair:4:   layout_hall_layers, grunt_megastairs_3, lemuel_fruit_fields,
          uniq_rupert
Lair:5:   guppyfry_lair_end_dragon, layout_misc_corridors, wormcave,
          dpeg_slime_entry_enclosed
Spider:1: layout_spider_delve, nicolae_spider_some_kinda_spiderbox
Orc:1:    layout_caves
Orc:2:    pf_orc_diabolical, layout_diamond_mine, uniq_azrael

Skill      XL: |  1  2  3  4  5  6  7  8  9 10 11 12 13 14 |
---------------+-------------------------------------------+-----
Spellcasting   | 5 6 7 8 10 12 13 14 16 17 18 | 18.6
Necromancy     | 1 2 3 5 6 7 8 9 10 11 | 11.1
Stealth        | 2 3 4 |  4.1
Dodging        | 1 2 3 4 5 6 7 8 9 |  9.3
Conjurations   | 1 2 3 5 |  5.3
Short Blades   | 1 2 3 4 |  4.6
Translocations | 3 4 |  4.7
Ice Magic      | 2 3 4 5 |  5.4
Throwing       | 1 2 |  2.7
Evocations     | 1 |  1.2
Shields        | 2 3 |  3.2
Hexes          | 1 2 3 |  3.2
Air Magic      | 3 4 5 6 7 |  7.5
Long Blades    | 2 3 4 |  4.0
Transmutations | 1 2 3 4 |  4.6
Fire Magic     | 2 3 4 6 |  6.6
Poison Magic   | 1 3 4 5 |  5.4
Fighting       | 1 3 5 6 7 |  7.7
Armour         | 2 3 4 |  4.8
Earth Magic    | 3 5 |  5.4
Invocations    | |  1.0

Action                     |  1- 3 |  4- 6 |  7- 9 | 10-12 | 13-15 || total
---------------------------+-------+-------+-------+-------+-------++-------
  Melee: Short sword       |    68 |    50 |       |       |       ||   118
         Dagger            |       |    66 |    37 |       |       ||   103
         Rapier            |       |     8 |    48 |    19 |    34 ||   109
         Scimitar          |       |       |    73 |   203 |   132 ||   408
  Throw: Dart              |       |    12 |    50 |    81 |    12 ||   155
         Boomerang         |       |       |       |    14 |     1 ||    15
   Cast: Apportation       |    33 |    18 |    42 |    85 |    43 ||   221
         Magic Dart        |    58 |    52 |    40 |    43 |    15 ||   208
         Blink             |     1 |     3 |     1 |     9 |     5 ||    19
         Vampiric Draining |     1 |    22 |    58 |    80 |    42 ||   203
         Frozen Ramparts   |       |       |    16 |    36 |    41 ||    93
         Teleport Other    |       |       |     2 |       |       ||     2
         Dazzling Flash    |       |       |     1 |     4 |       ||     5
         Ignite Poison     |       |       |       |    54 |    94 ||   148
         Static Discharge  |       |       |       |     1 |       ||     1
         Poisonous Vapours |       |       |       |    64 |   129 ||   193
         Wereblood         |       |       |       |     7 |    19 ||    26
         Fireball          |       |       |       |     6 |     8 ||    14
         Mephitic Cloud    |       |       |       |     4 |    16 ||    20
         Freezing Cloud    |       |       |       |     6 |    30 ||    36
         Sticky Flame      |       |       |       |       |    13 ||    13
         Olgreb's Toxic Ra |       |       |       |       |     4 ||     4
  Evoke: Wand              |       |       |    18 |    13 |       ||    31
    Use: Scroll            |     1 |       |     8 |    13 |     3 ||    25
         Potion            |       |       |     1 |       |     1 ||     2
   Stab: Sleeping          |     5 |     3 |     3 |     3 |     2 ||    16
         Distracted        |       |       |       |     1 |       ||     1
         Invisible         |       |       |       |     1 |       ||     1
         Petrified         |       |       |       |       |     2 ||     2
         Confused          |       |       |       |       |     1 ||     1
 Armour: Robe              |    26 |    27 |    67 |    59 |       ||   179
         Troll leather arm |       |       |       |    11 |   103 ||   114
  Dodge: Dodged            |    35 |    77 |   158 |   234 |   183 ||   687
  Block: Buckler           |     8 |    23 |    35 |    79 |    60 ||   205
